 Dungeon Crawl Stone Soup version 0.21.0-3-g78d12a8 (webtiles) character file.

3454 Tramtrist the Covert (level 9, -8/44 HPs)
             Began as a Spriggan Enchanter on Jan 15, 2018.
             Was an Initiate of Vehumet.
             Hit by a tomahawk thrown by an orc warrior (19 damage)
             ... on level 7 of the Dungeon.
             The game lasted 00:16:44 (7627 turns).

Tramtrist the Covert (Spriggan Enchanter)           Turns: 7627, Time: 00:16:44

Health: -8/44      AC:  3    Str:  7    XL:     9   Next: 78%
Magic:  12/28      EV: 21    Int: 17    God:    Vehumet [......]
Gold:   441        SH:  0    Dex: 14    Spells: 10/20 levels left

rFire    . . .     SeeInvis +   v - +2 dagger (holy)
rCold    . . .     Gourm    .   (shield restricted)
rNeg     . . .     Faith    .   b - +1 robe
rPois    .         Spirit   .   B - +0 hat
rElec    .         Reflect  .   (no cloak)
rCorr    .         Harm     .   (gloves unavailable)
MR       +....                  (boots unavailable)
Stlth    +++++.....             h - amulet of regeneration
HPRegen  0.54/turn              l - ring of magical power
MPRegen  0.21/turn              w - -2 ring of dexterity

@: very quick
A: very small, unfitting armour, see invisible, herbivore, speed 3, slow
metabolism 2
a: Renounce Religion


You were on level 7 of the Dungeon.
You worshipped Vehumet.
Vehumet was noncommittal.
You were very hungry.

You visited 2 branches of the dungeon, and saw 8 of its levels.

You collected 441 gold pieces.

Inventory:

Hand Weapons
 a - a +2 dagger
 f - a +0 rapier
 p - a cursed -2 short sword
 v - a +2 dagger of holy wrath (weapon)
Armour
 b - a +1 robe (worn)
 B - a +0 hat (worn)
Jewellery
 h - an amulet of regeneration (around neck)
 l - a ring of magical power (left hand)
 w - a -2 ring of dexterity (right hand)
Wands
 i - a wand of polymorph (10)
 x - a wand of paralysis (7)
Scrolls
 m - 2 scrolls of identify
 o - a scroll of enchant weapon
 r - a scroll of magic mapping
 t - 2 scrolls of teleportation
 y - a scroll of amnesia
Potions
 e - 3 potions of haste
 g - 2 potions of berserk rage
 j - 2 potions of flight
 k - 3 potions of might
 n - 2 potions of agility
 q - 2 potions of resistance
 u - a potion of curing
 z - a potion of heal wounds
Books
 c - a book of Maledictions

   Spells                             Type                      Level
   a - Corona                         Hexes                        1
   b - Ensorcelled Hibernation        Hexes/Ice                    2
   c - Confuse                        Hexes                        3
   d - Tukima's Dance                 Hexes                        3
   e - Dazzling Spray                 Conjuration/Hexes            3
 s - a book of Debilitation

   Spells                             Type                      Level
   a - Corona                         Hexes                        1
   b - Slow                           Hexes                        2
   c - Inner Flame                    Hexes/Fire                   3
   d - Portal Projectile              Hexes/Translocation          3
   e - Cause Fear                     Hexes                        4
   f - Leda's Liquefaction            Hexes/Earth                  4
 A - a book of Battle

   Spells                             Type                      Level
   a - Infusion                       Charms                       1
   b - Shroud of Golubria             Charms/Translocation         2
   c - Song of Slaying                Charms                       2
   d - Spectral Weapon                Hexes/Charms                 3
   e - Regeneration                   Charms/Necromancy            3
Comestibles
 d - 8 rations


   Skills:
 + Level 3.3 Fighting
 * Level 7.0 Short Blades
 + Level 3.1 Armour
 + Level 7.0 Dodging
 * Level 10.7 Stealth
 + Level 6.0 Spellcasting
 + Level 6.4 Hexes
 + Level 4.8 Evocations


You had 10 spell levels left.
You knew the following spells:

 Your Spells              Type           Power        Failure   Level  Hunger
a - Corona                Hex            ####...      1%          1    None
b - Confuse               Hex            ####....     2%          3    ##.....
c - Slow                  Hex            ####....     1%          2    None
d - Cause Fear            Hex            ####......   9%          4    ####...


Dungeon Overview and Level Annotations

Branches:
Dungeon (7/15)             Temple (1/1) D:7

Altars:
Ashenzari
Dithmenos
Elyvilon
Gozag
Hepliaklqana
Kikubaaqudgha
Makhleb
Nemelex Xobeh
Okawaru
Qazlal
Sif Muna
Uskayaw
Vehumet
Wu Jian
Xom
Yredelemnul
Zin
The Shining One


Innate Abilities, Weirdness & Mutations

You are very small and have problems with some larger weapons.
You are too small for most types of armour.
You have supernaturally acute eyesight. (SInv)
You are a herbivore.
You cover ground extremely quickly.
You need consume almost no food.


Message History

Press: ? - help, Shift-Dir - straight line, f/p - orc priest
Aim: an orc priest, wearing a leather armour (chance to defeat MR: 55%)
The orc priest appears confused.
The orc warrior barely misses you. The orc priest closely misses you.
Evoke which item? (* to show all) (? for menu, Esc to quit)
Aiming: Paralyse
Press: ? - help, Shift-Dir - straight line, f/p - orc priest
Aim: an orc priest, wearing a leather armour (confused, chance to defeat MR: 60%)
The orc priest suddenly stops moving!
The orc warrior hits you from afar with a glaive!!
Ouch! That really hurt!
* * * LOW HITPOINT WARNING * * *
The helpless orc priest fails to defend itself.
You perforate the orc priest like a sieve!!!
You kill the orc priest!
Vehumet accepts your kill.
Your Short Blades skill increases to level 7!
Unknown command.
The orc warrior throws a tomahawk.
The tomahawk hits you!!
You die...

### ####### ######## #..
....... #......# #.. ......o
#......# #.. .......
#......# #.. .......
#......# #..
.......########......#####..
..>...)'o[.@..'......'......
.......########......#####.#
............................
.......###################.#
##.#### #.. # ##. #. #. #.


You could see an orc warrior.

Vanquished Creatures
  A two-headed ogre (D:7)
  Pikel (D:6)
  Sigmund (D:2)
  2 orc warriors (D:6)
  A black bear (D:6)
  2 sky beasts
  A slave (D:6)
  A phantom (D:6)
  2 ogres
  A centaur (D:6)
  2 bullfrogs
  2 scorpions
  3 wights (D:6)
  A crimson imp (D:7)
  2 howler monkeys
  6 orc priests
  3 hounds (D:5)
  A jelly (D:7)
  10 orc wizards
  Jessica (D:3)
  An iguana (D:6)
  5 worker ants
  A killer bee zombie (D:5)
  A hound zombie (D:6)
  A hound skeleton (D:6)
  10 adders
  A shadow imp (D:6)
  An ooze (D:1)
  An adder skeleton (D:7)
  2 worms
  2 dart slugs (D:2)
  A leopard gecko (D:5)
  24 orcs
  6 giant cockroaches
  9 goblins
  12 hobgoblins
  8 jackals
  2 quokkas
  A ball python (D:3)
  5 bats
  3 frilled lizards
  A giant cockroach zombie (D:6)
  3 kobolds
  A leopard gecko skeleton (D:4)
  7 rats
153 creatures vanquished.

Notes
Turn   | Place    | Note
-------+----------+-------------------------------------------
     0 | D:1      | Tramtrist the Spriggan Enchanter began the quest for the Orb.
     0 | D:1      | Reached XP level 1. HP: 9/9 MP: 5/5
   379 | D:2      | Reached XP level 2. HP: 13/13 MP: 6/6
   408 | D:2      | Noticed Sigmund
  1207 | D:2      | Reached skill level 5 in Stealth
  1207 | D:2      | Reached XP level 3. HP: 17/17 MP: 6/8
  1212 | D:2      | Learned a level 3 spell: Confuse
  1532 | D:2      | Found a shimmering altar of Xom.
  1857 | D:2      | Reached XP level 4. HP: 15/21 MP: 0/9
  2603 | D:2      | Killed Sigmund
  2603 | D:2      | Reached skill level 1 in Fighting
  2603 | D:2      | Reached skill level 1 in Armour
  2603 | D:2      | Reached skill level 6 in Stealth
  2603 | D:2      | Reached XP level 5. HP: 22/25 MP: 0/11
  2603 | D:2      | Reached XP level 6. HP: 27/30 MP: 0/12
  3023 | D:3      | Noticed Jessica
  3040 | D:3      | Killed Jessica
  3132 | D:3      | Found a faded altar of an unknown god.
  4201 | D:4      | Reached skill level 7 in Stealth
  4201 | D:4      | Reached skill level 1 in Evocations
  4819 | D:5      | Entered Level 5 of the Dungeon
  4862 | D:5      | Reached XP level 7. HP: 14/33 MP: 13/13
  5275 | D:5      | Reached skill level 5 in Dodging
  5523 | D:5      | Learned a level 2 spell: Slow
  5761 | D:6      | Reached skill level 8 in Stealth
  5773 | D:6      | Reached skill level 5 in Hexes
  5819 | D:6      | Reached XP level 8. HP: 38/39 MP: 15/15
  5956 | D:6      | Reached skill level 5 in Short Blades
  6485 | D:6      | Reached skill level 9 in Stealth
  6592 | D:6      | Noticed Pikel
  6623 | D:6      | Killed Pikel
  6623 | D:6      | Reached skill level 5 in Spellcasting
  6623 | D:6      | Reached XP level 9. HP: 43/43 MP: 17/17
  7157 | D:7      | Found a shadowy altar of Dithmenos.
  7163 | D:7      | Reached skill level 10 in Stealth
  7297 | D:7      | Learned a level 4 spell: Cause Fear
  7356 | D:7      | Found a staircase to the Ecumenical Temple.
  7422 | Temple   | Entered the Ecumenical Temple
  7456 | Temple   | Became a worshipper of Vehumet
  7569 | D:7      | Noticed a two-headed ogre
  7571 | D:7      | Killed a two-headed ogre
  7627 | D:7      | Hit by a tomahawk thrown by an orc warrior

Skill      XL: |  1  2  3  4  5  6  7  8  9 |
---------------+----------------------------+-----
Short Blades   | 2 3 4 5 7 |  7.0
Stealth        | 5 6 7 8 9 10 | 10.7
Spellcasting   | 3 4 5 6 |  6.0
Hexes          | 4 5 6 |  6.4
Fighting       | 1 2 3 |  3.3
Armour         | 1 2 3 |  3.1
Dodging        | 4 5 6 7 |  7.0
Evocations     | 1 2 3 4 |  4.8

Action                   |  1- 3 |  4- 6 |  7- 9 || total
-------------------------+-------+-------+-------++-------
Melee: Dagger            |   112 |   238 |   437 ||   787
       Unarmed           |       |     2 |       ||     2
       Rapier            |       |     6 |       ||     6
 Cast: Confuse           |     6 |    24 |    61 ||    91
Evoke: Wand              |       |     3 |     1 ||     4
  Use: Scroll            |     5 |     8 |     4 ||    17
 Stab: Sleeping          |     8 |     7 |    10 ||    25
       Confused          |     2 |     9 |    40 ||    51
       Distracted        |       |     1 |       ||     1
       Paralysed         |       |       |     1 ||     1
  Eat: Ration            |       |     2 |     4 ||     6
Armor: Robe              |     6 |    19 |    11 ||    36
Dodge: Dodged            |    67 |   169 |   226 ||   462
